 Dungeon Crawl Stone Soup version 0.21.1-1-g345015f (webtiles) character file.

796 shakethe the Ruffian (level 7, -4/61 HPs)
             Began as a Troll Transmuter on Feb 9, 2018.
             Slain by Monsterracer's ghost (20 damage)
             ... on level 4 of the Dungeon.
             The game lasted 00:08:53 (3735 turns).

shakethe the Ruffian (Troll Transmuter)             Turns: 3735, Time: 00:08:54

Health: -4/61      AC:  5    Str: 19    XL:     7   Next: 58%
Magic:  6/7        EV: 10    Int: 11    God:
Gold:   158        SH:  0    Dex: 10    Spells: 4/8 levels left

rFire    . . .     SeeInvis .     - Unarmed
rCold    . . .     Gourm    +   (no shield)
rNeg     . . .     Faith    .   b - +0 robe
rPois    .         Spirit   .   (helmet restricted)
rElec    .         Reflect  .   (no cloak)
rCorr    .         Harm     .   (gloves unavailable)
MR       .....                  (boots unavailable)
Stlth    +.........             (no amulet)
HPRegen  0.60/turn              (no ring)
MPRegen  0.10/turn              (no ring)

@: appendage
A: large, unfitting armour, claws 3, horns 2, fast metabolism 3, gourmand,
regeneration 1, shaggy fur 1, tough skin 2
a: End Transformation


You were on level 4 of the Dungeon.
You were completely stuffed.
You had grown temporary horns.
You visited 1 branch of the dungeon, and saw 4 of its levels.

You collected 158 gold pieces.

Inventory:

Missiles
 a - 119 arrows
 t - 2 throwing nets {=f, !d}
Armour
 b - a +0 robe (worn)
Jewellery
 n - a cursed ring of loudness {unknown}
   (You found it on level 2 of the Dungeon)
Wands
 w - a wand of iceblast (7)
   (You took it off Ijyb on level 3 of the Dungeon)
 x - a wand of random effects (5)
   (You found it on level 4 of the Dungeon)
Scrolls
 f - 3 scrolls of remove curse {unknown}
 j - 2 scrolls of blinking {unknown}
 k - a scroll of immolation {unknown}
 l - 5 scrolls of identify {unknown}
 p - 2 scrolls of teleportation {unknown}
 q - a scroll of random uselessness {unknown}
 s - a scroll of enchant armour {unknown}
 u - a scroll of magic mapping {unknown}
 v - a scroll of amnesia {unknown}
Potions
 e - 3 potions of flight {unknown}
 g - a potion of haste
 h - 2 potions of mutation {unknown}
 i - 3 potions of brilliance {unknown}
 m - a potion of curing {unknown}
 o - 2 potions of heal wounds {unknown}
 r - a potion of lignification {unknown}
Books
 c - a book of Changes
Comestibles
 d - 9 rations


   Skills:
 - Level 0.7 Fighting
 - Level 1.5 Dodging
 * Level 7.6 Unarmed Combat
 - Level 1.2 Spellcasting
 + Level 3.9 Transmutations


You had 4 spell levels left.
You knew the following spells:

 Your Spells              Type           Power        Failure   Level  Hunger
a - Beastly Appendage     Tmut           #.....       6%          1    ##.....
c - Spider Form           Tmut/Pois      #.........   38%         3    ####...


Dungeon Overview and Level Annotations

Branches:
Dungeon (4/15)
 Temple: D:4-7

Altars:
Fedhas
Gozag
Trog

Annotations:
D:4 Monsterracer's ghost, amateur TrAM


Innate Abilities, Weirdness & Mutations

You are too large for most types of armour.
You have claws for hands.
Your metabolism is lightning-fast.
You like to eat raw meat.
Your natural rate of healing is unusually fast.
You are covered in fur. (AC +1)
You have very tough skin. (AC +2)
You have a pair of horns on your head.


Message History

You claw the orc!
You kill the orc!
No target in view!
No target in view!
No target in view!
No target in view!
No target in view!
No target in view!
No target in view!
No target in view!
No target in view!
No target in view!
No target in view!
No target in view!
No target in view!
Things that are here:
a hand axe; an orc corpse No target in view!
No target in view!
No target in view!
No target in view!
No target in view!
No target in view!
No target in view!
a - 117 arrows (gained 2)
a - 118 arrows (gained 1)
a - 119 arrows (gained 1) Monsterracer's ghost (amateur Troll Arcane Marksman) comes into view.
Monsterracer's ghost turns its malevolent gaze towards you.
You regained 8 hp, and now have 59/61 hp.
Monsterracer's ghost gestures at you while chanting.
You are outlined in light.
Health restored: 61 Your feet morph into talons.
Monsterracer's ghost assumes a wrestling stance.
Monsterracer's ghost hits you.
You take 1 damage, and have 60/61 hp.
You now have 6/7 mp.
You scratch Monsterracer's ghost but do no damage.
You closely miss Monsterracer's ghost. Monsterracer's ghost hits you!
You take 9 damage, and have 51/61 hp.
You claw Monsterracer's ghost!
You claw Monsterracer's ghost, but do no damage.
Monsterracer's ghost hits you.
You take 3 damage, and have 48/61 hp.
You closely miss Monsterracer's ghost. You claw Monsterracer's ghost!
Monsterracer's ghost hits you!!
You take 18 damage, and have 30/61 hp.
MASSIVE DAMAGE!!
You scratch Monsterracer's ghost. Your kick misses Monsterracer's ghost.
Monsterracer's ghost hits you!
* * * LOW HITPOINT WARNING * * *
You take 12 damage, and have 18/61 hp.
Your transformation is almost over.
MP restored: 7 An orc comes into view. It is wielding a club.
The orc shouts!
An orc comes into view. It is wielding a flail.
The orc shouts!
The orc barely misses you.
Your talons disappear.
You are no longer glowing.
Some of the chunks of flesh in your inventory have rotted away.
Monsterracer's ghost screams, "They lied to you.
The Dungeon just goes down and down forever."
You claw the orc!
You kill the orc!
Monsterracer's ghost casts a spell at you.
You resist with significant effort.
Monsterracer's ghost gestures at you while chanting.
You are outlined in light.
There is a stone staircase leading up here.
You climb upwards.
There is a stone staircase leading down here.
You regained 2 hp, and now have 38/61 hp.
You start resting.
Eating a chunk of flesh {@w0}.
You eat the chunk of flesh {@w0}.
This raw flesh tastes great.
You are no longer glowing.
You regained 3 hp, and now have 41/61 hp.
There is a stone staircase leading down here.
You climb downwards.
Level annotation: Monsterracer's ghost, amateur TrAM Monsterracer's ghost hits you! x2
There is a stone staircase leading up, spattered with blood here.
You take 18 damage, and have 42/61 hp.
MASSIVE DAMAGE!!
The floor.
You grow a pair of large bovine horns.
Monsterracer's ghost hits you.
You take 5 damage, and have 37/61 hp.
You now have 6/7 mp.
You closely miss the orc. Your headbutt misses the orc.
The orc barely misses you.
Monsterracer's ghost closely misses you.
You closely miss the orc. Your headbutt misses the orc.
The orc closely misses you. Monsterracer's ghost hits you!
You take 11 damage, and have 27/61 hp.
You mangle the orc!!
You kill the orc!
Monsterracer's ghost hits you!
* * * LOW HITPOINT WARNING * * *
You take 12 damage, and have 15/61 hp.
Monsterracer's ghost hits you!!
You die...

.##.# #...##..#
##...##.####...##
.##.###..###.####.....#.#
#..... .##.#.....##.#
#........# #.....
....#.###.##>###........#
#.####
..........).............#
##.#
.###.#####.....##.....###
#..# ##...#
###.#..#.....## #.##
.#.### #..##.)......# #.#
...# #.###.@......# ##.#
..## #. #..W.....###..#
#.# .. #.......##...##
#.# ### ##.....###.#####
#.# ##.##.........# #..
#............# ##.
###..........# ..
##....)....# ..
#.........#


You could see Monsterracer's ghost.

Vanquished Creatures
  Sigmund (D:3)
  A phantom (D:4)
  A centaur (D:4)
  An orc wizard (D:3)
  Ijyb (D:3)
  Terence (D:3)
  Natasha (thrice) (D:3)
  Robin (D:4)
  11 gnolls
  7 adders
  An ooze (D:2)
  3 worms
  3 dart slugs
  3 leopard geckos
  6 orcs
  10 bats
  4 giant cockroaches
  16 goblins
  13 hobgoblins
  6 jackals
  A quokka (D:3)
  A ball python (D:4)
  2 frilled lizards
  A giant cockroach zombie (D:4)
  13 kobolds
  10 rats
121 creatures vanquished.

Notes
Turn   | Place    | Note
-------+----------+-------------------------------------------
     0 | D:1      | shakethe the Troll Transmuter began the quest for the Orb.
     0 | D:1      | Reached XP level 1. HP: 18/18 MP: 1/1
     6 | D:1      | Noticed an anaconda
     6 | D:1      | Noticed a rime drake
     6 | D:1      | Noticed a black bear
    55 | D:1      | Reached XP level 2. HP: 25/26 MP: 2/2
   440 | D:1      | Reached XP level 3. HP: 24/32 MP: 3/3
   597 | D:1      | Reached skill level 4 in Unarmed Combat
   878 | D:2      | Reached skill level 2 in Transmutations
   956 | D:2      | Reached XP level 4. HP: 40/40 MP: 4/4
  1223 | D:2      | Found a bloodstained altar of Trog.
  1505 | D:3      | Noticed Terence
  1515 | D:3      | Killed Terence
  1515 | D:3      | Reached skill level 5 in Unarmed Combat
  1515 | D:3      | Reached XP level 5. HP: 21/46 MP: 1/5
  1527 | D:3      | HP: 11/46 [orc wizard/puff of flame (11)]
  1642 | D:3      | Found an opulent altar of Gozag.
  1730 | D:3      | HP: 9/46 [gnoll/whip (7)]
  1736 | D:3      | HP: 1/46 [gnoll/spear (5)]
  1747 | D:3      | HP: 6/46 [bat (1)]
  2181 | D:3      | Noticed Sigmund
  2190 | D:3      | Killed Sigmund
  2190 | D:3      | Reached skill level 6 in Unarmed Combat
  2190 | D:3      | Reached skill level 3 in Transmutations
  2190 | D:3      | Reached XP level 6. HP: 22/54 MP: 4/6
  2439 | D:3      | Noticed Ijyb
  2440 | D:3      | Noticed Natasha
  2448 | D:3      | Killed Natasha
  2458 | D:3      | Killed Ijyb
  2581 | D:3      | Noticed Natasha
  2589 | D:3      | Killed Natasha
  2589 | D:3      | Reached XP level 7. HP: 48/61 MP: 7/7
  3174 | D:3      | Noticed Natasha
  3182 | D:3      | Killed Natasha
  3271 | D:3      | Learned a level 3 spell: Spider Form
  3278 | D:4      | Noticed Robin
  3371 | D:4      | Killed Robin
  3371 | D:4      | Reached skill level 7 in Unarmed Combat
  3409 | D:4      | Found a blossoming altar of Fedhas.
  3643 | D:4      | Noticed Monsterracer's ghost (amateur TrAM)
  3734 | D:4      | HP: 15/61 [Monsterracer's ghost (13)]
  3735 | D:4      | Slain by Monsterracer's ghost

Skill      XL: |  1  2  3  4  5  6  7 |
---------------+----------------------+-----
Unarmed Combat | 4 5 6 7 |  7.6
Transmutations | 2 3 |  3.9
Fighting       | |  0.7
Dodging        | |  1.5
Spellcasting   | |  1.2

Action                   |  1- 3 |  4- 6 |  7- 9 || total
-------------------------+-------+-------+-------++-------
Melee: Unarmed           |    97 |   143 |    67 ||   307
       Punch             |     1 |     2 |     1 ||     4
       Headbutt          |       |     8 |       ||     8
       Kick              |       |     1 |     4 ||     5
 Cast: Beastly Appendage |       |     6 |     5 ||    11
 Stab: Sleeping          |     1 |       |       ||     1
  Eat: Chunk             |    12 |    12 |    16 ||    40
Armor: Robe              |    40 |    62 |    14 ||   116
Dodge: Dodged            |    57 |    99 |    36 ||   192

Vault maps used:
D:1:      onia_arrival_zoo_common, minmay_tetromino_l2
D:2:      nicolae_overflow_crystal_walls, nrook_mini_backslash
D:3:      nicolae_gozag_seed_capital, uniq_natasha, uniq_sigmund, uniq_ijyb,
          uniq_terence
D:4:      lemuel_zombie_altar_yredelemnul, lemuel_statue_altar, uniq_robin

Table legend:
 A = Turns spent in this place as a percentage of turns spent in the entire game.
 B = Non-inter-level travel turns spent in this place as a percentage of non-inter-level travel turns spent in the entire game.
 C = Inter-level travel turns spent in this place as a percentage of turns spent in this place.
 D = Turns resting spent in this place as a percentage of non-inter-level travel turns spent in this place.
 E = Turns spent auto-exploring this place as a percentage of non-inter-level travel turns spent in this place.
 F = Non-inter-level travel turns spent in this place divided by the number of levels of this place that you've seen.
                   A       B       C       D       E      F
               +-------+-------+-------+-------+-------+----------------------
         Total | 100.0 | 100.0 |   0.0 |   5.5 |  51.1 | 933.8
       Dungeon | 100.0 | 100.0 |   0.0 |   5.5 |  51.1 | 933.8
               +-------+-------+-------+-------+-------+----------------------

Table legend:
 A = Kills in this place as a percentage of kills in entire the game.
 B = Kills by you in this place as a percentage of kills by you in the entire game.
 C = Kills by friends in this place as a percentage of kills by friends in the entire game.
 D = Other kills in this place as a percentage of other kills in the entire game.
 E = Experience gained in this place as a percentage of experience gained in the entire game.
 F = Experience gained in this place divided by the number of levels of this place that you have seen.
                   A       B       C       D       E      F
               +-------+-------+-------+-------+-------+----------------------
         Total | 100.0 | 100.0 |   N/A |   N/A | 100.0 | 284.5
       Dungeon | 100.0 | 100.0 |   N/A |   N/A | 100.0 | 284.5
               +-------+-------+-------+-------+-------+----------------------
